 Dungeon Crawl Stone Soup version 0.26-a0-52-gd53d4cd058 (webtiles) character file.

Game seed: 10044158853320197060

256 Hasart the Sneak (level 6, 0/37 HPs)
             Began as a Kobold Assassin on June 6, 2020.
             Was an Initiate of Ru.
             Slain by a centaur (8 damage)
             ... on level 4 of the Dungeon.
             The game lasted 00:07:23 (3589 turns).

Hasart the Sneak (Kobold Assassin)                  Turns: 3589, Time: 00:07:23

Health: 0/37       AC:  4    Str: 10    XL:     6   Next: 38%
Magic:  6/6        EV: 16    Int: 12    God:    Ru [......]
Gold:   117        SH:  0    Dex: 17    Spells: 2/5 levels left

rFire    . . .     SeeInvis .   a - +2 dagger
rCold    . . .     Gourm    .   (shield restricted)
rNeg     . . .     Faith    .   s - +0 robe {MR+}
rPois    .         Spirit   .   j - +0 helmet
rElec    .         Reflect  .   c - +0 cloak
rCorr    .         Harm     .   (no gloves)
MR       +....                  (no boots)
Stlth    +++++.....             (no amulet)
HPRegen  0.12/turn              k - ring of stealth
MPRegen  0.10/turn              o - ring of stealth

@: no status effects
A: small, carnivore
a: Renounce Religion


You were on level 4 of the Dungeon.
You worshipped Ru.
Ru was noncommittal.
You were completely stuffed.

You visited 1 branch of the dungeon, and saw 4 of its levels.

You collected 117 gold pieces.

Inventory:

Hand Weapons
 a - a +2 dagger (weapon)
Missiles
 d - 8 poisoned darts
 e - a curare-tipped dart (quivered)
Armour
 c - a +0 cloak (worn)
 j - a +0 helmet (worn)
 s - a +0 robe of magic resistance (worn)
Jewellery
 k - a ring of stealth (left hand)
 o - a ring of stealth (right hand)
 p - an uncursed amulet of magic regeneration
Scrolls
 b - a scroll of amnesia {unknown}
 g - 2 scrolls of magic mapping {unknown}
 i - 2 scrolls of remove curse {unknown}
 m - a scroll of enchant weapon {unknown}
 n - a scroll of immolation {unknown}
 q - 2 scrolls of enchant armour {unknown}
 t - a scroll of identify {unknown}
 v - a scroll of noise {unknown}
Potions
 h - 2 potions of curing
 l - a potion of mutation {unknown}
 r - a potion of brilliance {unknown}
Comestibles
 f - 10 rations


   Skills:
 + Level 3.2 Fighting
 * Level 5.1 Short Blades
 + Level 3.3 Throwing
 + Level 2.8 Dodging
 + Level 6.2 Stealth
 + Level 1.2 Summonings


You had 2 spell levels left.
You knew the following spells:

 Your Spells              Type           Power        Failure   Level  Hunger
a - Call Canine Familiar  Summ           #.......     52%         3    ####...

Your spell library contained the following spells:

 Spells                   Type           Power        Failure   Level  Hunger
 Summon Small Mammal      Summ           #...         21%         1    ##.....
 Call Imp                 Summ           #.......     30%         2    ###....
 Summon Guardian Golem    Hex/Summ       #.......     61%         3    ####...
 Summon Ice Beast         Ice/Summ       #.......     95%         4    #####..
 Summon Lightning Spire   Summ/Air       #.......     95%         4    #####..


Dungeon Overview and Level Annotations

Branches:
Dungeon (4/15)
 Temple: D:4-7

Altars:
Ashenzari
Fedhas
Ru
Yredelemnul


Innate Abilities, Weirdness & Mutations

You are small and have problems with some larger weapons.
You are carnivorous and can eat meat at any time.


Message History

* * * LOW HITPOINT WARNING * * *
You feel better.
The centaur hits you but does no damage.
The centaur misses you.
Quiver which item? (- for none, * to show all) (? for menu, Esc to quit)
Quivering
e - 2 curare-tipped darts for throwing.
Throwing (i - inventory. (/) - cycle)
e - 2 curare-tipped darts (quivered)
Press: ? - help, Shift-Dir - straight line, f - centaur
Aim: a centaur, wearing an uncursed ring of protection from magic and quivering 24 arrows You throw a curare-tipped dart.
The curare-tipped dart hits the centaur.
The centaur is poisoned.
The centaur convulses.
The centaur seems to slow down.
The centaur is heavily wounded.
The centaur closely misses you.
You hit the centaur.
The centaur is heavily wounded.
You closely miss the centaur.
The centaur is heavily wounded.
The centaur hits you!
You die...

#.#.###.........#
#.#...#.........###
#.###.#######.....#
#.# #.# #..(..# #.#
#.# #)....# ####.#
#.# #.....# .....#
#.# #.....#
.....###.#####
#(....#
.............#
#@....#
####..###.##.#
#c....# # #..# ...
......# ####..#
.#..........#
.##...#
##.###......#
.##..## # #....###
..#..# ##.#.#
#.#..# ..#.# #....#


You could see a centaur (very poisoned, slow).

Vanquished Creatures
  A big kobold (D:4)
  A bullfrog skeleton (D:4)
  A worker ant (D:4)
  4 adders
  2 oozes (D:1)
  An adder skeleton (D:4)
  A worm (D:4)
  2 dart slugs
  3 leopard geckos
  4 giant cockroaches
  7 goblins (D:1)
  12 hobgoblins
  5 jackals
  A quokka (D:4)
  8 bats
  6 frilled lizards
  6 kobolds
  A quokka skeleton (D:4)
  11 rats
77 creatures vanquished.

Notes
Turn   | Place    | Note
-------+----------+-------------------------------------------
     0 | D:1      | Hasart the Kobold Assassin began the quest for the Orb.
     0 | D:1      | Reached XP level 1. HP: 12/12 MP: 1/1
   279 | D:1      | Reached XP level 2. HP: 17/17 MP: 2/2
   376 | D:1      | Reached XP level 3. HP: 17/22 MP: 3/3
  1415 | D:2      | Found a basalt altar of Yredelemnul.
  1679 | D:2      | Reached XP level 4. HP: 27/27 MP: 4/4
  2153 | D:3      | Learned a level 3 spell: Call Canine Familiar
  2424 | D:3      | Found a shattered altar of Ashenzari.
  2424 | D:3      | Found a sacrificial altar of Ru.
  2432 | D:3      | Became a worshipper of Ru the Awakened
  2711 | D:3      | Reached XP level 5. HP: 27/32 MP: 5/5
  3111 | D:4      | Found a blossoming altar of Fedhas.
  3300 | D:4      | Reached skill level 6 in Stealth
  3554 | D:4      | Noticed a big kobold
  3557 | D:4      | Killed a big kobold
  3557 | D:4      | Reached skill level 5 in Short Blades
  3557 | D:4      | Reached skill level 1 in Summonings
  3557 | D:4      | Reached XP level 6. HP: 37/37 MP: 6/6
  3585 | D:4      | HP: 1/37 [centaur (5)]
  3589 | D:4      | Slain by a centaur

Illustrated notes

Levels and vault maps discovered:
D:1:      dpeg_arrival_yet_another_circle, layout_loops_ring
D:2:      layout_loops_corners, nicolae_overflow_crystal_walls,
          lemuel_flame_loot_1
D:3:      layout_loops_cross, gammafunk_temple_overflow_elements,
          minmay_misc_feat_iff
D:4:      layout_basic, chequers_temple_overflow_minitemple, fedhas_altar_2,
          first_ration

Skill      XL: |  1  2  3  4  5 |
---------------+----------------+-----
Short Blades   | 3 4 5 |  5.1
Dodging        | 2 |  2.8
Throwing       | 3 |  3.3
Stealth        | 6 |  6.2
Fighting       | 3 |  3.2
Summonings     | 1 |  1.2

Action                   |  1- 3 |  4- 6 || total
-------------------------+-------+-------++-------
Melee: Dagger            |    90 |   194 ||   284
Throw: Dart              |       |     1 ||     1
  Use: Potion            |       |     2 ||     2
 Stab: Sleeping          |    14 |    13 ||    27
  Eat: Chunk             |    10 |     7 ||    17
Armor: Robe              |    11 |    22 ||    33
Dodge: Dodged            |    47 |   143 ||   190

Table legend:
 A = Non-vault XP
 B = Vault XP
 C = Vault XP percentage of total XP
 D = Non-vault monster count
 E = Vault monster count
 F = Vault count percentage of total count
                 A         B        C        D         E       F
            +---------+---------+-------+---------+---------+-------
      Total |     366 |       0 |   0.0 |      77 |       0 |   0.0
            +---------+---------+-------+---------+---------+-------
        D:1 |      63 |       0 |   0.0 |      33 |       0 |   0.0
        D:2 |      13 |       0 |   0.0 |       7 |       0 |   0.0
        D:3 |      68 |       0 |   0.0 |      24 |       0 |   0.0
        D:4 |     222 |       0 |   0.0 |      13 |       0 |   0.0
            +---------+---------+-------+---------+---------+-------
